Map: Fields of Death

Players

Haakiiz

  • Race: Terran Terran
  • League: Silver

Lorith

  • Race: Terran Terran

zod - Winner!

  • Race: Protoss Protoss
  • League: Silver

MasteroP - Winner!

  • Race: Zerg Zerg
  • League: Silver

VOD

Have the link to the VOD?

Description

Time

  • Played on: Jan. 15, 2016, 4:40 p.m.
  • Length: 14:52
Show
View Real Time Build Order
Export as new Build Order

Haakiiz Terran 

Build Orders: Reaper Expand 

Get SALT Encoding   

  12  0:01  SCV  
  13  0:13  SCV  
  14  0:18  Supply Depot  
  14  0:25  SCV  
  15  0:39  SCV  
  15  0:40  Barracks  
  16  0:52  SCV, Refinery  
  17  1:02  Barracks  
  18  1:04  SCV  
  18  1:17  SCV  
  19  1:45  Command Center  
  19  1:46  Reaper  
  20  1:49  SCV  
  20  1:53  Reaper  
  23  2:08  SCV  
  23  2:31  Supply Depot  
  23  2:33  Orbital Command  
  23  2:40  Barracks  
  23  2:52  Marine  
  23  2:53  Reaper  
  23  3:11  SCV  
  23  3:12  Orbital Command  
  25  3:20  Barracks Reactor  
  25  3:23  SCV  
  25  3:35  SCV  
  25  3:37  Barracks Tech Lab  
  25  3:40  Barracks Reactor  
  26  3:42  Factory  
  26  3:43  Refinery  
  26  3:47  SCV  
  26  4:00  SCV  
  26  4:02  Marine x3  
  28  4:04  SCV  
  29  4:12  SCV  
  29  4:15  Engineering Bay  
  30  4:19  Supply Depot, Marine x3, SCV  
  34  4:25  Stimpack  
  34  4:30  SCV  
  35  4:33  Factory Tech Lab  
  35  4:39  Starport  
  35  4:41  Marine  
  35  4:44  Marine  
  37  4:48  SCV  
  37  4:52  SCV  
  39  4:58  Missile Turret  
  39  5:00  Missile Turret, Marine  
  39  5:01  Marine  
  39  5:04  SCV  
  39  5:05  SCV  
  43  5:14  Marine x2  
  44  5:15  Marauder  
  44  5:16  SCV  
  44  5:17  Starport Reactor  
  44  5:18  SCV  
  49  5:22  Siege Tank  
  49  5:28  Terran Infantry Weapons Level 1  
  52  5:30  SCV x2  
  52  5:34  Refinery  
  54  5:36  Refinery  
  54  5:41  Marine  
  54  5:42  Marine  
  54  5:43  SCV  
  50  6:02  Missile Turret  
  50  6:04  Marine x2  
  50  6:05  SCV, Marine  
  54  6:15  Missile Turret  
  54  6:30  Supply Depot  
  54  6:33  Supply Depot  
  54  6:39  SCV, Medivac x2, Marine  
  62  6:40  Marauder  
  62  6:50  SCV  
  62  6:51  Marine x2  
  62  6:53  Siege Tank  
  68  6:56  SCV  
  71  7:01  Marauder  
  71  7:02  SCV  
  72  7:09  SCV  
  72  7:14  SCV  
  74  7:19  Marine  
  74  7:20  Marine x2  
  79  7:22  Marauder  
  79  7:25  Siege Tank, Medivac x2  
  86  7:52  Command Center  
  86  8:06  Supply Depot  
  86  8:10  Supply Depot, Medivac x2, Marine x3  
  93  8:27  Siege Tank, Marauder  
  93  8:30  SCV x2  
  93  8:31  Supply Depot  
  100  8:35  Marine x2  
  102  8:42  SCV x2  
  102  8:48  Marine x2  
  104  8:49  Marauder  
  104  8:51  Medivac  
  104  8:54  Supply Depot, SCV  
  111  9:10  Viking, Marauder  
  111  9:16  SCV x3  
  103  9:21  Viking  
  87  9:25  Marine x3  
  87  9:27  Siege Tank  
  86  9:32  Marauder  
  88  9:39  Orbital Command  
  88  9:44  SCV  
  89  9:48  Starport  
  89  9:52  Barracks  
  89  9:56  Factory  
  89  9:58  Terran Infantry Armor Level 1  
  89  10:02  Marine x2  
  89  10:03  Marine  
  92  10:09  Siege Tank  
  95  10:23  Marine x4  
  95  10:26  Marauder  
  102  10:28  SCV x3  
  102  10:34  Viking  
  106  10:40  SCV x2  
  106  10:41  SCV  
  109  10:47  Marauder  
  109  10:49  Starport Reactor  
  111  10:50  Barracks Tech Lab  
  111  11:03  Supply Depot  
  111  11:05  Marine x4  
  111  11:07  Supply Depot  
  111  11:08  Factory Tech Lab  
  111  11:09  Viking x2, Marauder  
  121  11:22  Supply Depot, SCV x3  
  123  11:47  Marine x3  
  123  11:48  Marauder  
  123  11:49  Siege Tank, Marauder  
  123  11:50  Command Center  
  132  12:10  Marauder  
  132  12:11  Armory  
  132  12:13  Marine x2  
  132  12:14  Marine x3  
  139  12:31  Marauder  
  139  12:32  Marauder  
  139  12:35  Armory  
  143  12:39  SCV x3, Refinery  
  143  12:40  Refinery  
  143  12:41  Marine x4  
  143  12:43  Siege Tank x2  
  156  12:44  Medivac  
  156  12:45  Medivac  
  160  12:51  SCV  
  160  12:53  Supply Depot, Marauder  
  160  12:54  Marauder  
  165  12:58  Supply Depot  
  166  13:20  SCV x4  
  166  13:27  Marine x3  
  166  13:28  Marauder x2  
  166  13:32  SCV x2  
  166  13:34  Engineering Bay  
  158  13:41  Marine  
  158  13:44  Siege Tank  
  158  13:45  Viking x2, Medivac x2, Marine x3  
  127  13:49  Reaper, Marauder  
  111  13:59  Marine  
  111  14:02  Marine x2  
  110  14:03  Marine  
  110  14:04  Siege Tank  
  100  14:11  Marauder  
  100  14:15  Viking  
  92  14:17  Marine  
  92  14:20  Marine x3  
  92  14:21  Marauder  
Show
View Real Time Build Order
Export as new Build Order

Lorith Terran 

Build Orders: Reaper Expand, MMM Bio 

Get SALT Encoding   

  12  0:00  SCV  
  13  0:13  SCV  
  14  0:18  Supply Depot  
  14  0:25  SCV  
  15  0:40  SCV  
  15  0:41  Barracks  
  16  0:49  Refinery  
  17  0:57  SCV  
  17  1:09  SCV  
  19  1:32  SCV  
  19  1:35  Reaper  
  19  1:38  Command Center  
  20  1:45  Supply Depot  
  20  1:46  SCV  
  21  2:05  Orbital Command  
  21  2:31  SCV  
  22  2:43  SCV  
  23  2:48  Bunker  
  23  2:50  Marine  
  24  2:55  SCV  
  24  2:57  SCV  
  25  3:08  Marine  
  26  3:20  Refinery  
  26  3:26  Reaper, Barracks  
  27  3:33  Barracks  
  27  3:40  Orbital Command  
  27  3:43  SCV  
  28  3:55  SCV  
  29  4:08  Barracks Reactor  
  29  4:14  SCV x2  
  31  4:26  SCV  
  31  4:27  SCV  
  33  4:33  Refinery  
  33  4:35  Refinery  
  33  4:37  Supply Depot, Barracks Tech Lab, Barracks Reactor  
  33  4:38  SCV  
  33  4:39  SCV  
  33  4:40  Factory  
  35  4:49  Engineering Bay  
  35  4:51  SCV  
  36  4:53  Marine x2  
  36  4:58  Stimpack  
  39  5:01  Marauder  
  39  5:03  SCV  
  41  5:13  Marine x2  
  43  5:14  Marine x2  
  43  5:17  Terran Infantry Weapons Level 1  
  43  5:20  Supply Depot  
  45  5:22  SCV  
  45  5:23  Marauder  
  45  5:27  SCV  
  49  5:32  Marine x4  
  49  5:35  SCV  
  54  5:40  Factory Tech Lab  
  54  5:42  SCV  
  55  5:44  Supply Depot, Starport  
  55  5:54  SCV  
  55  5:55  Missile Turret  
  56  6:00  Missile Turret  
  56  6:01  Marine x4  
  56  6:02  Marauder  
  62  6:06  SCV  
  63  6:19  Supply Depot  
  63  6:22  Marine x4  
  67  6:40  Marine x3  
  67  6:41  Supply Depot, Marine  
  67  6:42  Marauder  
  73  6:49  Factory  
  73  6:51  Starport Reactor  
  73  6:52  Siege Tank  
  76  6:58  Combat Shields, Marine x2  
  76  6:59  Marine x2  
  78  7:04  Marauder  
  78  7:05  Supply Depot  
  80  7:17  Armory  
  80  7:19  Marine x4  
  84  7:23  Terran Infantry Armor Level 1  
  84  7:28  Supply Depot  
  84  7:38  Marine x2  
  84  7:39  Marine x2  
  84  7:40  Marauder  
  90  7:46  Command Center  
  90  7:57  Marine x4  
  94  8:02  Marauder  
  94  8:04  Supply Depot  
  96  8:16  Marine x2  
  96  8:17  Marine x2  
  100  8:28  Supply Depot  
  100  8:29  Factory Tech Lab  
  100  8:34  Medivac x2  
  104  8:35  Marine x2  
  104  8:36  Marine x2  
  104  8:37  Marauder  
  110  8:50  Siege Tank  
  110  9:16  Marine x2  
  110  9:17  Marine x2  
  65  9:18  Marauder  
  64  9:28  Siege Tank x2  
  64  9:34  Marine x3  
  64  9:35  Marine  
  64  9:37  Planetary Fortress  
  66  9:43  Marine  
  59  9:52  Marine x3  
  61  9:55  Bunker  
  61  9:59  Bunker  
  62  10:00  Siege Tank x2  
  62  10:01  Marine x2  
  70  10:20  Missile Turret  
  70  10:26  Missile Turret  
  70  10:29  Marine x4  
  70  10:32  SCV  
  75  10:42  Refinery  
  75  10:44  SCV, Refinery  
  75  10:47  Marine x2  
  81  10:50  Thor  
  81  10:53  Thor  
  81  10:56  SCV  
  91  11:03  Marine x3  
  94  11:06  Terran Infantry Armor Level 2  
  94  11:08  SCV  
  95  11:17  Supply Depot  
  95  11:20  Marine x2  
  95  11:21  Marine  
  98  11:27  Medivac  
  100  11:41  Supply Depot  
  100  11:53  Command Center  
  100  12:03  Supply Depot  
  100  12:25  Supply Depot  
  100  12:32  Sensor Tower  
  100  12:37  Marine  
  100  12:38  Marine x3  
  100  12:40  Marauder  
  106  12:49  Supply Depot  
  106  13:09  Marine x3  
  106  13:10  Marine x2  
  111  13:12  Supply Depot  
  111  13:17  Planetary Fortress  
  111  13:28  Marauder  
  39  13:56  Marine  
  39  13:57  Marine x4  
  39  14:00  Siege Tank x2  
  46  14:14  Marine  
  46  14:15  Marine x4  
  34  14:32  Marine x2  
  34  14:33  Marine  
Show
View Real Time Build Order
Export as new Build Order

zod Protoss - Winner!

Build Orders:  

Get SALT Encoding   

  12  0:01  Probe (Chrono Boost)  
  13  0:12  Probe (Chrono Boost)  
  14  0:18  Pylon  
  14  0:26  Probe (Chrono Boost)  
  15  0:36  Probe (Chrono Boost)  
  15  0:38  Gateway  
  16  0:47  Probe (Chrono Boost)  
  16  0:48  Assimilator  
  17  0:57  Probe (Chrono Boost)  
  18  1:08  Probe (Chrono Boost)  
  19  1:12  Pylon  
  20  1:18  Probe (Chrono Boost)  
  20  1:29  Cybernetics Core  
  20  1:39  Pylon  
  20  1:42  Probe (Chrono Boost)  
  21  2:00  Probe (Chrono Boost)  
  22  2:06  Nexus  
  22  2:09  Assimilator  
  22  2:12  Pylon  
  22  2:14  Warp Gate  
  22  2:22  Assimilator  
  22  2:25  Mothership Core (Chrono Boost)  
  23  2:33  Adept  
  25  3:00  Gateway, Adept  
  27  3:13  Probe (Chrono Boost)  
  28  3:23  Probe (Chrono Boost)  
  29  3:27  Pylon  
  29  3:28  Adept  
  29  3:31  Gateway  
  29  3:33  Stargate  
  31  4:15  Robotics Facility  
  31  4:17  Gateway  
  31  4:19  Gateway  
  31  4:21  Gateway  
  31  4:22  Probe (Chrono Boost)  
  32  4:24  Probe (Chrono Boost)  
  32  4:26  Pylon  
  33  4:34  Oracle (Chrono Boost)  
  36  4:40  Protoss Air Weapons Level 1  
  36  4:43  Probe  
  37  4:46  Probe  
  38  4:55  Probe  
  38  4:56  Probe  
  40  5:07  Probe x2  
  40  5:11  Warp Prism  
  44  5:25  Probe  
  44  5:26  Probe  
  46  5:30  Robotics Bay  
  46  5:56  Probe  
  46  5:57  Probe  
  46  6:01  Assimilator  
  48  6:06  Probe  
  48  6:09  Probe  
  48  6:11  Forge  
  50  6:17  Probe  
  50  6:21  Probe  
  50  6:22  Extended Thermal Lance, Twilight Council  
  52  6:27  Robotics Facility  
  52  6:28  Probe, Adept  
  55  6:41  Protoss Air Armor Level 1  
  55  6:48  Photon Cannon  
  55  6:53  Photon Cannon  
  55  7:01  Nexus  
  55  7:06  Pylon  
  55  7:08  Probe  
  56  7:19  Zealot x2  
  56  7:21  Photon Cannon  
  60  7:23  Disruptor  
  60  7:26  Probe  
  60  7:27  Probe  
  65  7:33  Protoss Ground Weapons Level 1 (Chrono Boost)  
  65  7:38  Zealot  
  65  7:39  Zealot  
  69  8:01  Colossus  
  75  8:08  Disruptor  
  75  8:11  Stalker x2  
  75  8:12  Stalker  
  84  8:16  Blink  
  84  8:27  Stalker  
  84  8:28  Stalker  
  84  8:30  Probe x2  
  84  8:31  Probe  
  91  8:35  Assimilator  
  91  8:38  Assimilator  
  91  8:43  Phoenix  
  93  8:51  Observer  
  91  9:24  Protoss Shields Level 1 (Chrono Boost)  
  87  9:28  Stalker x3  
  91  9:46  Pylon  
  91  9:48  Pylon  
  91  9:49  Probe x2  
  91  9:50  Pylon  
  91  9:51  Pylon  
  93  9:54  Pylon  
  93  9:55  Pylon  
  93  9:56  Pylon  
  93  10:02  Probe  
  93  10:04  Probe x2  
  96  10:13  Probe  
  96  10:15  Nexus  
  96  10:16  Probe x2  
  96  10:18  Pylon  
  96  10:20  Pylon  
  99  10:23  Probe, Pylon  
  99  10:27  Pylon  
  102  10:28  Probe x2  
  102  10:32  Stalker  
  102  10:33  Stalker x2  
  102  10:34  Probe  
  108  10:40  Probe x2  
  111  10:47  Probe  
  112  10:52  Probe x2  
  112  10:54  Assimilator  
  114  10:57  Assimilator  
  114  11:03  Protoss Ground Weapons Level 2 (Chrono Boost)  
  114  11:06  Stalker x4  
  114  11:07  Colossus  
  128  11:13  Colossus  
  134  11:28  Probe  
  134  11:29  Probe x2  
  134  11:31  Probe  
  137  11:38  Probe  
  138  11:41  Probe x2  
  138  11:42  Probe  
  142  11:49  Probe  
  142  11:53  Probe x2  
  145  11:54  Stalker  
  145  11:55  Stalker x5  
  145  11:58  Probe  
  145  11:59  Probe  
  159  12:01  Disruptor  
  159  12:05  Probe x2  
  159  12:07  Disruptor  
  167  12:09  Probe  
  167  12:10  Probe  
  167  12:17  Probe x2  
  167  12:19  Probe  
  167  12:20  Probe  
  171  12:29  Probe, Zealot  
  162  12:30  Zealot x5  
  170  13:28  Void Ray  
  170  13:31  Colossus x2  
  168  14:00  Zealot x2  
  168  14:01  Zealot x4  
  178  14:05  Void Ray  
Show
View Real Time Build Order
Export as new Build Order

MasteroP Zerg - Winner!

Build Orders: Pool First, Lurkers 

Get SALT Encoding   

  12  0:01  Drone  
  13  0:12  Overlord  
  13  0:17  Drone  
  14  0:31  Drone x2  
  16  0:38  Drone  
  17  0:50  Spawning Pool  
  17  0:52  Extractor  
  17  0:53  Drone  
  17  0:56  Drone  
  17  1:07  Drone  
  18  1:23  Hatchery  
  17  1:40  Zergling x6  
  17  1:46  Spine Crawler  
  19  1:51  Queen  
  21  1:54  Zergling x2  
  22  2:05  Metabolic Boost  
  22  2:16  Overlord  
  22  2:34  Drone x2  
  21  3:13  Drone x3  
  21  3:14  Drone x6  
  21  3:18  Queen  
  32  3:25  Overlord x2  
  31  3:54  Zergling x10  
  31  3:55  Zergling x2  
  36  4:08  Extractor  
  35  4:22  Baneling Nest  
  34  4:40  Lair  
  34  4:43  Drone  
  34  4:44  Drone x7  
  34  4:45  Drone x4  
  46  4:51  Hatchery  
  45  5:08  Baneling x7  
  45  5:09  Baneling x3  
  45  5:10  Baneling x2  
  45  5:12  Drone x3  
  45  5:13  Drone x4  
  52  5:22  Extractor  
  52  5:27  Extractor  
  50  5:29  Evolution Chamber  
  50  5:32  Evolution Chamber  
  50  5:35  Zergling x8  
  52  5:38  Overlord  
  52  5:45  Centrifical Hooks  
  52  5:54  Overlord x4  
  52  6:00  Zerg Melee Weapons Level 1  
  52  6:15  Zerg Ground Armor Level 1  
  53  6:18  Drone x3  
  53  6:19  Drone x8  
  53  6:21  Overlord  
  63  6:33  Zergling x4  
  63  6:34  Zergling x4  
  67  6:41  Hydralisk Den  
  67  6:47  Drone x3  
  68  7:08  Zergling x14  
  73  7:09  Zergling x8  
  79  7:24  Muscular Augments  
  79  7:27  Zergling x6  
  82  7:31  Baneling x6  
  82  7:32  Baneling x9  
  82  7:33  Baneling x2  
  82  7:42  Extractor  
  81  7:44  Extractor  
  80  8:05  Hydralisk  
  80  8:06  Hydralisk x8  
  80  8:07  Hydralisk x2  
  80  8:10  Queen  
  104  8:18  Drone  
  105  8:21  Overlord  
  105  8:22  Overlord x2  
  105  8:34  Zerg Ground Armor Level 2  
  105  8:36  Zerg Missile Weapons Level 1  
  105  8:37  Lurker Den  
  105  8:40  Hydralisk  
  105  8:41  Hydralisk  
  107  8:43  Overlord x2  
  107  8:44  Overlord  
  80  9:23  Hydralisk x5  
  80  9:24  Hydralisk x9  
  72  9:26  Hydralisk  
  94  9:34  Hydralisk  
  94  9:35  Hydralisk  
  96  10:11  Lurker x2  
  96  10:12  Lurker  
  99  10:15  Lurker x2  
  99  10:16  Lurker x2  
  103  10:46  Hydralisk  
  103  10:47  Hydralisk x8  
  103  10:48  Hydralisk  
  103  10:49  Hydralisk  
  125  10:59  Overseer x2  
  125  11:22  Hatchery  
  124  11:34  Hydralisk x3  
  124  11:35  Hydralisk x8  
  124  11:36  Hydralisk x2  
  150  11:53  Hydralisk  
  150  11:54  Hydralisk  
  150  11:56  Overlord x4  
  154  12:01  Zerg Missile Weapons Level 2  
  154  12:15  Zergling x8  
  156  12:16  Zergling x16  
  156  12:17  Zergling x6  
  169  12:27  Extractor  
  168  12:30  Extractor  
  167  12:43  Queen  
  169  12:50  Baneling x4  
  169  12:51  Baneling x8  
  169  12:52  Baneling x6  
  169  12:53  Baneling x6  
  169  12:54  Baneling  
  169  12:56  Hydralisk x5  
  169  12:57  Hydralisk  
  127  13:48  Hydralisk  
  127  13:49  Hydralisk x7  
  127  13:50  Hydralisk x4, Zergling x2  
Tags
 
Add a new tag
Caveats
  • Supply blocks, unpowered buildings, or Contaminate may cause inaccurate times.
  • Supply counts are checked every 10 seconds.